 Dungeon Crawl Stone Soup version 0.26-a0-651-gb41185065b (webtiles) character file.

Game seed: 16082401463333053008

40 Irenicus the Digger (level 3, 0/28 HPs)
             Began as a Deep Dwarf Earth Elementalist on Oct 14, 2020.
             Slain by Sigmund
             ... wielding a +2 vampiric scythe
              (7 damage)
             ... on level 2 of the Dungeon.
             The game lasted 00:06:02 (824 turns).

Irenicus the Digger (Deep Dwarf Earth Elementalist)  Turns: 824, Time: 00:06:02

Health: 0/28       AC: 11    Str: 11    XL:     3   Next: 30%
Magic:  0/5        EV: 11    Int: 16    God:
Gold:   48         SH:  0    Dex: 13    Spells: 2/5 levels left

rFire    + . .     SeeInvis .   c - +0 club
rCold    + . .     Faith    .   (no shield)
rNeg     . . .     Spirit   .   f - +4 ring mail
rPois    +         Reflect  .   (no helmet)
rElec    +         Harm     .   (no cloak)
rCorr    +         Rampage  .   (no gloves)
MR       .....     Rnd*Tele +   (no boots)
Stlth    +.........             (no amulet)
HPRegen  0.00/turn              i - ring of teleportation (curse) {+/*tele, !d}
MPRegen  0.09/turn              (no ring)

@: resistant, non-regenerating
A: damage resistance, heal wounds, hooves 1, slimy green scales 1, mutation
resistance 1, sense surroundings 1, no regeneration
a: Heal Wounds


You were on level 2 of the Dungeon.
You visited 1 branch of the dungeon, and saw 2 of its levels.

You collected 48 gold pieces.

Inventory:

Hand Weapons
 c - a +0 club (weapon)
   (You took it off a hobgoblin on level 1 of the Dungeon)
 d - a +2 antimagic dagger
   (You took it off a goblin on level 1 of the Dungeon)
Missiles
 b - 138 stones (quivered)
Armour
 f - a +4 ring mail (worn)
   (You found it on level 1 of the Dungeon)
Jewellery
 i - a cursed ring of teleportation (left hand) {+/*tele, !d}
   (You found it on level 1 of the Dungeon)
Scrolls
 k - a scroll of fear {unknown}
 l - a scroll of random uselessness {unknown}
Potions
 a - a potion of curing {unknown}
 e - a potion of invisibility {unknown}
 g - 2 potions of ambrosia
 h - a potion of flight {unknown}


   Skills:
 - Level 2.1 Dodging
 - Level 2.4 Stealth
 - Level 1.7 Spellcasting
 - Level 0.8 Transmutations
 + Level 5.9 Earth Magic


You had 2 spell levels left.
You knew the following spells:

 Your Spells              Type           Power        Failure   Level
a - Sandblast             Erth           ###...       4%          1
w - Passwall              Tmut/Erth      ##......     19%         2

Your spell library contained the following spells:

 Spells                   Type           Power        Failure   Level
 Stone Arrow              Conj/Erth      ##....       43%         3
 Petrify                  Tmut/Erth      ##......     77%         4
 Lee's Rapid Deconstruct  Erth           ###.......   77%         5


Dungeon Overview and Level Annotations

Branches:
Dungeon (2/15)

Altars:

Annotations:
D:2 Sigmund


Innate Abilities, Weirdness & Mutations

You are resistant to damage.
You can heal yourself by infusing magical energy.
You passively map a small area around you.
You do not regenerate.
You have large cloven feet.
You are partially covered in slimy green scales. (AC +2)
You are somewhat resistant to further mutation.


Message History

You completely miss the bat.
The bat is moderately wounded.
The bat barely misses you. The bat completely misses you.
The bat hits you but does no damage.
Casting: Sandblast (safe; 4% risk of failure)
Confirm with . or Enter, or press ? or * to list all spells.
Aiming: Sandblast (safe; 4% risk of failure)
Press: ? - help, Shift-Dir - straight line, f - bat
Aim: a bat (moderately wounded)
The blast of sand hits the bat!
You kill the bat!
b - 144 stones You now have 1/5 mp.
You see here a bat corpse.
A giant cockroach comes into view.
Casting: Sandblast (safe; 4% risk of failure)
Confirm with . or Enter, or press ? or * to list all spells.
Aiming: Sandblast (safe; 4% risk of failure)
Press: ? - help, Shift-Dir - straight line, f - giant cockroach
Aim: a giant cockroach The blast of sand hits the giant cockroach!
You kill the giant cockroach!
b - 143 stones You now have 1/5 mp.
You see here a giant cockroach corpse.
Sigmund the Dreaded comes into view.
He is wielding a +2 vampiric scythe.
Marking area around Sigmund as unsafe for travelling.
Sigmund shouts!
Sigmund laughs darkly.
Casting: Sandblast (safe; 4% risk of failure)
Confirm with . or Enter, or press ? or * to list all spells.
Aiming: Sandblast (safe; 4% risk of failure)
Press: ? - help, Shift-Dir - straight line, f - Sigmund
Aim: Sigmund, wielding a +2 vampiric scythe and wearing a +0 robe The blast of sand hits Sigmund!!
Sigmund is heavily wounded.
b - 142 stones You now have 1/5 mp.
Casting: Sandblast (safe; 4% risk of failure)
Confirm with . or Enter, or press ? or * to list all spells.
Aiming: Sandblast (safe; 4% risk of failure)
Press: ? - help, Shift-Dir - straight line, f/p - Sigmund
Aim: Sigmund, wielding a +2 vampiric scythe and wearing a +0 robe (heavily wounded)
The blast of sand hits Sigmund.
Sigmund is heavily wounded.
b - 141 stones Sigmund hits you but does no damage.
You now have 0/5 mp.
Casting: Sandblast (safe; 4% risk of failure)
Confirm with . or Enter, or press ? or * to list all spells.
You don't have enough magic to cast that spell.
Unknown command.
Sigmund casts a spell at you. The magic dart hits you.
You take 2 damage, and have 20/28 hp.
You see here a giant cockroach corpse.
Casting: Sandblast (safe; 4% risk of failure)
Confirm with . or Enter, or press ? or * to list all spells.
Aiming: Sandblast (safe; 4% risk of failure)
Press: ? - help, Shift-Dir - straight line, f/p - Sigmund
Aim: Sigmund, wielding a +2 vampiric scythe and wearing a +0 robe (heavily wounded)
The blast of sand misses Sigmund.
b - 140 stones Sigmund hits you from afar with a +2 vampiric scythe.
You take 3 damage, and have 17/28 hp.
You now have 0/5 mp.
You aren't carrying any items that you can evoke.
It was a potion of mutation.
You feel extremely strange.
Slimy green scales grow over part of your body.
You feel genetically stable.
Your feet thicken and deform.
Sigmund hits you but does no damage.
Okay, then.
Casting: Sandblast (safe; 4% risk of failure)
Confirm with . or Enter, or press ? or * to list all spells.
Aiming: Sandblast (safe; 4% risk of failure)
Press: ? - help, Shift-Dir - straight line, f/p - Sigmund
Aim: Sigmund, wielding a +2 vampiric scythe and wearing a +0 robe (heavily wounded)
The blast of sand hits Sigmund!
Sigmund is almost dead.
b - 139 stones Sigmund points at you and mumbles some strange words.
The puff of flame hits you.
You take 4 damage, and have 13/28 hp.
You now have 0/5 mp.
You see here a bat corpse.
Sigmund casts a spell.
Sigmund flickers and vanishes!
Deactivating autopickup; reactivate with Ctrl-A.
A puff of flame appears from out of thin air!
The puff of flame hits you!
* * * LOW HITPOINT WARNING * * *
You take 6 damage, and have 7/28 hp.
MASSIVE DAMAGE!!
It was a potion of resistance.
You feel protected.
There is an open door here.
Casting: Sandblast (safe; 4% risk of failure)
Confirm with . or Enter, or press ? or * to list all spells.
Press: ? - help, Shift-Dir - straight line The blast of sand hits something.
b - 138 stones Something hits you!
You die...

* *
#......†.....##.###### *
#...#####.#####(..# *
####...#####.#####...#
........'...#.........# *
*######...###.#######...#
, , ..#..{...# #.# #...#
* #.#.##...# #.# #...#
#.#†###'####.# #...#
#.#.# #.{.@..# #...#
#.#.# ######## #...#
#.#{# ##### #.#.# #@#.#
###.#.# #...#†# ###.#.#
#...#


There were no monsters in sight!

Vanquished Creatures
  A dart slug (D:1)
  A leopard gecko (D:2)
  A giant cockroach (D:2)
  2 goblins (D:1)
  6 hobgoblins
  7 jackals (D:2)
  5 bats
  2 frilled lizards
  4 kobolds
  6 rats
35 creatures vanquished.

Vanquished Creatures (others)
  A plant (D:1)
1 creature vanquished.

Grand Total: 36 creatures vanquished

Notes
Turn   | Place    | Note
-------+----------+-------------------------------------------
     0 | D:1      | Irenicus the Deep Dwarf Earth Elementalist began the quest
                  | for the Orb.
     0 | D:1      | Reached XP level 1. HP: 15/15 MP: 3/3
   257 | D:1      | Reached XP level 2. HP: 19/22 MP: 0/4
   327 | D:1      | Reached skill level 5 in Earth Magic
   536 | D:1      | Learned a level 2 spell: Passwall
   674 | D:2      | Reached XP level 3. HP: 24/28 MP: 0/5
   788 | D:2      | Noticed Sigmund
   804 | D:2      | Gained mutation: You are partially covered in slimy green
                  | scales. (AC +2) [potion of mutation]
   804 | D:2      | Gained mutation: You are somewhat resistant to further
                  | mutation. [potion of mutation]
   804 | D:2      | Gained mutation: You have large cloven feet. [potion of
                  | mutation]
   814 | D:2      | HP: 7/28 [something/puff of flame (6)]
   824 | D:2      | Slain by Sigmund

Illustrated notes

Levels and vault maps discovered:
D:1:      lemuel_arrival_broad_hall, layout_loops_ring, serial_forest,
          infiniplex_forest_clump_diagonal, infiniplex_forest_zigzag_1,
          infiniplex_forest_lined_3, infiniplex_forest_end_2,
          infiniplex_forest_clump_medium, infiniplex_forest_lined_2,
          infiniplex_forest_lined_2, infiniplex_forest_clump_small,
          minmay_liquid_box
D:2:      layout_basic, solitary_fountain, uniq_sigmund

Skill      XL: |  1  2 |
---------------+-------+-----
Earth Magic    | 5 |  5.9
Dodging        | |  2.1
Stealth        | |  2.4
Spellcasting   | |  1.7
Transmutations | |  0.8

Action                   || total
-------------------------++-------
Melee: Club              ||    32
 Cast: Sandblast         ||    45
       Passwall          ||     1
  Use: Scroll            ||     3
       Potion            ||     2
 Stab: Sleeping          ||     1
Armor: Ring mail         ||    17
Dodge: Dodged            ||    44

Table legend: (Time is in decaauts)
 A = Elapsed time spent in this place.
 B = Non-inter-level travel time spent in this place.
 C = Inter-level travel time spent in this place.
 D = Time resting spent in this place.
 E = Time spent auto-exploring this place.
 F = Levels seen in this place.
 G = Mean time per level.
                   A        B        C        D        E       F      G
               +--------+--------+--------+--------+--------+-----+--------+
         Total |    832 |    832 |      0 |      0 |      0 |   2 |  416.0 |
       Dungeon |    832 |    832 |      0 |      0 |      0 |   2 |  416.0 |
               +--------+--------+--------+--------+--------+-----+--------+

Top non-repeatable levels by time:
     D:1: 545 daAuts
     D:2: 287 daAuts

Table legend:
 A = Kills in this place as a percentage of kills in entire the game.
 B = Kills by you in this place as a percentage of kills by you in the entire game.
 C = Kills by friends in this place as a percentage of kills by friends in the entire game.
 D = Other kills in this place as a percentage of other kills in the entire game.
 E = Experience gained in this place as a percentage of experience gained in the entire game.
 F = Experience gained in this place divided by the number of levels of this place that you have seen.
                   A       B       C       D       E      F
               +-------+-------+-------+-------+-------+----------------------
         Total | 100.0 | 100.0 |   N/A |   N/A | 100.0 |  29.0
       Dungeon | 100.0 | 100.0 |   N/A |   N/A | 100.0 |  29.0
               +-------+-------+-------+-------+-------+----------------------
